 Dungeon Crawl Stone Soup version 0.16-a0-148-g3b84123 (webtiles) character file.

951 Jakon the Shield-Bearer (level 8, -4/51 HPs)
             Began as a Gargoyle Fighter on Aug 15, 2014.
             Was an Initiate of the Shining One.
             Slain by an ogre
             ... wielding a +0 giant spiked club
              (12 damage)
             ... on Level 4 of the Dungeon.
             The game lasted 00:18:49 (4713 turns).

Jakon the Shield-Bearer (Gargoyle Fighter)          Turns: 4713, Time: 00:18:49

HP  -4/51        AC 19     Str 20      XL: 8   Next: 13%
MP  10/10        EV  4     Int 10      God: the Shining One [......]
Gold 274         SH 10     Dex 10      Spells:  0 memorised,  7 levels left

rFire  . . .     SeeInvis .     D - +0 flail
rCold  . . .     Clarity  .     n - +0 plate armour
rNeg   + . .     rCorr    .     c - +0 shield
rPois  +         rRot     +     (no helmet)
rElec  +         Spirit   .     (no cloak)
SustAb .         Warding  .     x - +0 pair of gloves
rMut   .         Stasis   .     (no boots)
Gourm  .                        (no amulet)
MR     .....                    (no ring)
                                (no ring)

@: not resistant to hostile enchantments, extremely unstealthy
A: negative energy resistance 1, electricity resistance, unbreathing,
petrification resistance, rot immunity, AC +5
a: Renounce Religion


You were on level 4 of the Dungeon.
You worshipped the Shining One.
The Shining One was noncommittal.
You were not hungry.

You visited 2 branches of the dungeon, and saw 6 of its levels.

You collected 274 gold pieces.

Inventory:

Hand weapons
 D - a +0 flail (weapon)
Armour
 c - a +0 shield (worn)
 n - a +0 plate armour (worn)
 x - a +0 pair of gloves (worn)
Magical devices
 e - a wand of enslavement (6) {unknown}
 B - a wand of slowing (18) {unknown}
 E - a wand of invisibility (6) {unknown}
Comestibles
 d - 5 bread rations
 i - a royal jelly
 v - 4 fruits
 z - 3 meat rations
Scrolls
 b - a scroll of teleportation {unknown}
 f - 2 scrolls of remove curse {unknown}
 h - 2 scrolls of enchant armour {unknown}
 j - 3 scrolls of identify {unknown}
 m - 2 scrolls of enchant weapon {unknown}
 o - 2 scrolls of noise {unknown}
 p - a scroll of immolation {unknown}
 r - 2 scrolls of fear {unknown}
 A - 2 scrolls of magic mapping {unknown}
Jewellery
 q - a +2 ring of strength {unknown}
 y - an uncursed ring of magical power {unknown}
 F - an uncursed amulet of stasis {unknown}
Potions
 g - a potion of cure mutation {unknown}
 k - 2 potions of poison {unknown}
 l - a potion of curing {unknown}
 s - a potion of degeneration {unknown}
 t - a potion of restore abilities {unknown}
 u - a potion of mutation {unknown}
 w - 2 potions of heal wounds {unknown}
 C - a potion of haste {unknown}


   Skills:
 + Level 5.8 Fighting
 + Level 4.5 Maces & Flails
 + Level 5.7 Armour
 + Level 6.0 Shields
 + Level 2.1 Invocations


You had 7 spell levels left.
You didn't know any spells.

Dungeon Overview and Level Annotations

Branches:
Dungeon (5/15)             Temple (1/1) D:4

Altars:
Ashenzari
Cheibriados
Elyvilon
Fedhas
Gozag
Kikubaaqudgha
Makhleb
Nemelex Xobeh
Okawaru
Qazlal
Sif Muna
Trog
Xom
Yredelemnul
Zin
The Shining One

Shops:
D:4 :


Innate Abilities, Weirdness & Mutations

You are resistant to torment.
You are immune to poison.
Your stone body is very resilient (AC +5).
You resist negative energy.
You are resistant to electric shocks.
You can survive without breathing.
You are immune to petrification.
You are immune to rotting.


Message History

The ogre hits you with a giant spiked club!
You hit the ogre.
The ogre is lightly wounded.
You block the ogre's attack.
You closely miss the ogre.
The ogre is lightly wounded.
The ogre hits you with a giant spiked club!!
Your shield and plate armour prevent you from hitting the ogre.
The ogre is lightly wounded.
You sock the ogre!
The ogre is heavily wounded.
The ogre hits you with a giant spiked club.
Your shield and plate armour prevent you from hitting the ogre.
The ogre is heavily wounded.
The ogre hits you with a giant spiked club!
* * * LOW HITPOINT WARNING * * *
Your shield prevents you from hitting the ogre.
The ogre is heavily wounded.
The ogre hits you with a giant spiked club!
You die...

# #......# #.....##....# #
#......#####.....#....# #
#.....................#
#####.....#.#.#.#.#.#..####
........#..............#
#######.....⌠.....⌠....#
#............_.......#
#.#####...⌠.....⌠...## #.#
#......O@.....#
#.#####.#)#.#.#.#.#.#
#.##................#
#.##...######...#####
#.##...# #...#
#.##...######.#.#
#..........>..#.#
#.⌠.⌠...........#
#.._....#.....###


You could see an ogre.

Vanquished Creatures
  The ghost of haldagan the Skirmisher, an average GrMo (D:4)
  A centaur (D:5)
  An ice beast (D:5)
  2 ogres (D:5)
  A hound (D:4)
  2 crimson imps
  A centaur skeleton (D:4)
  2 orc wizards (D:5)
  2 worker ants (D:5)
  3 gnolls (D:3)
  6 adders
  A giant mite (D:5)
  2 worms
  3 giant geckos
  6 orcs
  2 ball pythons
  5 giant cockroaches
  15 hobgoblins
  3 jackals (D:1)
  11 kobolds
  4 quokkas
  15 bats
  3 giant newts
  5 goblins
  A hobgoblin skeleton (D:4)
  A hobgoblin zombie (D:3)
  16 rats
115 creatures vanquished.

Notes
Turn   | Place    | Note
--------------------------------------------------------------
     0 | D:1      | Jakon, the Gargoyle Fighter, began the quest for the Orb.
     0 | D:1      | Reached XP level 1. HP: 14/14 MP: 1/1
   218 | D:1      | Reached XP level 2. HP: 16/19 MP: 2/2
   583 | D:1      | Reached XP level 3. HP: 22/24 MP: 3/3
  1043 | D:2      | Reached skill level 4 in Fighting
  1277 | D:2      | Reached XP level 4. HP: 29/29 MP: 4/4
  1598 | D:3      | Found a snail-covered altar of Cheibriados.
  1654 | D:3      | Reached XP level 5. HP: 11/34 MP: 5/5
  2083 | D:3      | Found a shimmering altar of Xom.
  2084 | D:3      | Found a burning altar of Makhleb.
  2357 | D:3      | Found a stormy altar of Qazlal.
  2357 | D:3      | Noticed an air elemental
  2358 | D:3      | Noticed a fire elemental
  2358 | D:3      | Noticed an earth elemental
  2358 | D:3      | Noticed a water elemental
  2712 | D:4      | Found a sparkling altar of Nemelex Xobeh.
  2723 | D:4      | Found a white marble altar of Elyvilon.
  2725 | D:4      | Noticed haldagan's ghost (average GrMo)
  2739 | D:4      | Killed haldagan's ghost
  2739 | D:4      | Reached skill level 5 in Shields
  2739 | D:4      | Reached XP level 6. HP: 22/40 MP: 6/6
  2752 | D:4      | Found Caubb's Book Shop.
  2808 | D:4      | Reached skill level 5 in Fighting
  2844 | D:4      | Reached skill level 5 in Armour
  2844 | D:4      | Reached XP level 7. HP: 28/44 MP: 7/7
  3134 | D:4      | Found a glowing golden altar of the Shining One.
  3136 | D:4      | Noticed an angel
  3152 | D:4      | Found a basalt altar of Yredelemnul.
  3153 | D:4      | Noticed a profane servitor
  3177 | D:4      | Found a staircase to the Ecumenical Temple.
  3207 | D:4      | Became a worshipper of the Shining One
  3260 | Temple   | Entered the Ecumenical Temple
  3867 | D:5      | Entered Level 5 of the Dungeon
  4149 | D:5      | Reached skill level 1 in Invocations
  4247 | D:5      | Reached XP level 8. HP: 21/51 MP: 8/10
  4267 | D:5      | Reached skill level 6 in Shields
  4583 | D:5      | Found a bloodstained altar of Trog.
  4713 | D:4      | Slain by an ogre

Action                   |  1- 3 |  4- 6 |  7- 9 || total
-------------------------+-------+-------+-------++-------
Melee: Flail             |   123 |   253 |   114 ||   490
  Use: Potion            |       |     2 |     1 ||     3
  Eat: Chunk             |     1 |     6 |     6 ||    13
